 Dungeon Crawl Stone Soup version 0.29.1-15-g9cfb28693d (webtiles) character file.

Game seed: 16132377713634159065

1221 monsoonserge the Covered (level 8, -2/64 HPs)
             Began as a Palentonga Warper on Apr 30, 2023.
             Was a Believer of Yredelemnul.
             Slain by an orc priest
             ... wielding a +0 mace
              (7 damage)
             ... on level 6 of the Dungeon.
             The game lasted 00:20:40 (4990 turns).

monsoonserge the Covered (Palentonga Warper)        Turns: 4990, Time: 00:20:41

Health: -2/64      AC: 15    Str: 17    XL:     8   Next: 23%
Magic:  11/11      EV:  9    Int: 16    God:    Yredelemnul [**....]
Gold:   246        SH:  0    Dex:  9    Spells: 9/11 levels left

rFire   . . .      SeeInvis +   s - +7 club
rCold   . . .      Faith    .   (no shield)
rNeg    + . .      Spirit   .   B - +1 ring mail of Proximity {rElec rN+ Stlth-}
rPois   .          Reflect  .   (no helmet)
rElec   +          Harm     .   i - +0 cloak
rCorr   .          Rampage  .   (no gloves)
Will    .....                   (no barding)
Stlth   ..........              (no amulet)
HPRegen 0.20/turn               (no ring)
MPRegen 0.12/turn               (no ring)

@: curled up
A: large, rugged brown scales 3, see invisible, deformed body, roll 1, armoured
tail, reflexive curl
a: Rolling Charge, Renounce Religion, Recall Undead Harvest, Dark Bargain


You were on level 6 of the Dungeon.
You worshipped Yredelemnul.
Yredelemnul was noncommittal.
You visited 2 branches of the dungeon, and saw 7 of its levels.

You collected 246 gold pieces.

Inventory:

Hand Weapons
 a - a +0 hand axe
 b - a +1 whip of draining
 f - a +0 whip of distortion
 l - a +0 sling
 n - a +0 dagger of venom
 s - a +7 club (weapon)
 H - a +2 sling of freezing
Missiles
 d - 7 boomerangs of dispersal
 e - 63 stones (quivered)
 g - 15 poisoned darts
Armour
 i - a +0 cloak (worn)
 B - the +1 ring mail of Proximity (worn) {rElec rN+ Stlth-}
   (You found it on level 3 of the Dungeon)

   rElec:     It insulates you from electricity.
   rN:        It protects you from negative energy.
   Stlth:     It makes you less stealthy.
 F - an orb of energy
Magical Staves
 j - a staff of fire
Wands
 y - a wand of flame (14)
Scrolls
 c - a scroll of blinking
 h - 7 scrolls of identify {unknown}
 m - 4 scrolls of teleportation {unknown}
 o - a scroll of enchant armour {unknown}
 q - a scroll of immolation {unknown}
 r - a scroll of magic mapping {unknown}
 t - 2 scrolls of vulnerability {unknown}
 u - a scroll of brand weapon {unknown}
 x - 2 scrolls of amnesia {unknown}
 C - a scroll of summoning {unknown}
 E - a scroll of butterflies {unknown}
Potions
 k - a potion of cancellation {unknown}
 p - 4 potions of invisibility {unknown}
 v - a potion of berserk rage {unknown}
 w - a potion of curing
 z - 4 potions of heal wounds {unknown}
 A - 2 potions of magic {unknown}
 D - a potion of lignification {unknown}
 G - 3 potions of flight {unknown}
 I - a potion of mutation {unknown}
 J - a potion of might {unknown}
 K - a potion of brilliance {unknown}


   Skills:
 + Level 3.8 Fighting
 - Level 2.8(3.4) Axes
 + Level 2.8(3.4) Maces & Flails
 + Level 0.6 Throwing
 * Level 5.1 Armour
 + Level 2.9 Dodging
 - Level 2.0 Spellcasting
 * Level 5.1 Translocations
 * Level 2.3 Invocations


You had 9 spell levels left.
You knew the following spells:

 Your Spells              Type           Power      Damage    Failure   Level
a - Blink                 Tloc           34%        N/A       7%          2

Your spell library contained the following spells:

 Spells                   Type           Power      Damage    Failure   Level
 Apportation              Tloc           34%        N/A       4%          1
 Gell's Gravitas          Tloc           17%        N/A       13%         3
 Lesser Beckoning         Tloc           17%        N/A       13%         3
 Teleport Other           Tloc           17%        N/A       13%         3
 Inner Flame              Hex/Fire       1%         N/A       71%         3
 Manifold Assault         Tloc           17%        N/A       77%         5
 Cause Fear               Hex            0%         N/A       98%         4
 Discord                  Hex            0%         N/A       100%        8


Dungeon Overview and Level Annotations

Branches:
Dungeon (6/15)             Temple (1/1) D:5

Altars:
Dithmenos
Elyvilon
Hepliaklqana
Ru
Uskayaw
Wu Jian
Xom
Yredelemnul
Zin

Annotations:
D:6 1 transporter, hbarley's ghost, novice HOFi


Innate Abilities, Weirdness & Mutations

You are completely covered in rugged brown scales. (AC +3, +7% HP)
You have supernaturally acute eyesight. (SInv)
Armour fits poorly on your strangely shaped body.
You can roll at nearby foes to attack.
You have a long armoured tail.
You curl defensively after being hit. (AC +7*)


Message History

The orc priest hits you with a +0 dagger.
* * * LOW HITPOINT WARNING * * *
Unknown command.
You barely miss the orc priest.
The orc priest is moderately wounded.
The orc priest invokes the aid of Beogh against you.
Pain shoots through your body!
* * * LOW HITPOINT WARNING * * *
Unknown command.
You hit the orc priest.
The orc priest is severely wounded.
The orc priest hits you but does no damage.
You hit the orc priest.
You kill the orc priest!
The dead are walking!
The orc priest looks encouraged for a moment.
You swap places.
An orc wizard comes into view. It is wielding a +0 dagger.
The orc wizard shouts!
You hear a shout!
The orc priest hits you with a +0 mace.
* * * LOW HITPOINT WARNING * * *
You see here a +0 dagger.
You closely miss the orc priest.
Your tail-slap misses the orc priest.
The orc priest invokes the aid of Beogh against you.
Pain shoots through your body!
* * * LOW HITPOINT WARNING * * *
You hit the orc priest but do no damage.
Your tail-slap misses the orc priest.
The orc priest hits you but does no damage.
The orc wizard mumbles some strange words.
The orc wizard flickers and vanishes for a moment.
Unknown command.
You hit the orc priest.
The orc priest is heavily wounded.
The orc priest looks encouraged for a moment.
You hit the orc priest.
The orc priest is heavily wounded.
The orc priest hits you with a +0 mace!
You die...
Your body rises from the dead as a mindless zombie.

.##8.$?$.8##..##.#
.#......?.S#..##.#
.#...??...S#.....#
.#........W#..##Z#
.#....©...l#..##Z#
.#...[.....#..##Z#
.....#..##Z#
....©#..##Z#
...8##..##@#
####.....o#
.....#.## .... ..
... .## ## ##


You could see an orc priest (ally target), a friendly black bear zombie, a
friendly scorpion zombie, a friendly orc zombie, a friendly orc priest zombie
and a friendly centaur zombie.

Vanquished Creatures
  2 black bears
  A centaur (D:6)
  A kobold brigand (D:3)
  3 necrophages
  3 scorpions
  The ghost of wextippler1 the Conjurer, a weakling DsCj (D:3)
  2 hounds
  An orc priest (D:6)
  An iguana (D:6)
  Jessica (D:3)
  2 orc wizards
  8 adders
  A shadow imp (D:5)
  A white imp (D:5)
  An ufetubus (D:5)
  2 worms
  10 orcs
  A ball python (D:1)
  3 endoplasms
  4 giant cockroaches
  10 goblins
  3 hobgoblins
  4 jackals
  13 kobolds
  2 quokkas
  4 bats
  7 frilled lizards
  2 rats (D:3)
94 creatures vanquished.

Vanquished Creatures (collateral kills)
  A scorpion (D:4)
  An iguana (D:5)
  An orc wizard (D:5)
  An adder (D:4)
  A white imp (D:5)
  3 orcs
  2 jackals
  A kobold (D:3)
11 creatures vanquished.

Vanquished Creatures (others)
  An iguana zombie (D:6)
  A spectral shadow imp (D:5)
  3 adder zombies
  A bat zombie (D:3)
  2 jackal zombies
  5 kobold zombies (D:3)
  An orc zombie (D:5)
  A rat zombie (D:3)
  A spectral ufetubus (D:5)
  4 plants (D:3)
20 creatures vanquished.

Grand Total: 125 creatures vanquished

Notes
Turn   | Place    | Note
-------+----------+-------------------------------------------
     0 | D:1      | monsoonserge the Palentonga Warper began the quest for the
                  | Orb.
     0 | D:1      | Reached XP level 1. HP: 17/17 MP: 3/3
   404 | D:1      | Reached XP level 2. HP: 24/24 MP: 5/5
   416 | D:1      | Learned a level 2 spell: Blink
   451 | D:1      | Found a faded altar of an unknown god.
  1040 | D:2      | Reached XP level 3. HP: 27/29 MP: 6/6
  1087 | D:2      | You fall into a shaft and drop 2 floors!
  1136 | D:4      | Noticed a scorpion
  1179 | D:3      | Reached skill level 1 in Armour
  1184 | D:3      | Reached XP level 4. HP: 4/36 MP: 4/7
  1615 | D:3      | Noticed Jessica
  1624 | D:3      | Killed Jessica
  1630 | D:3      | Got Jessica's Codex of the Compass
  1741 | D:3      | Found a basalt altar of Yredelemnul.
  1809 | D:3      | Became a worshipper of Yredelemnul the Dark
  1973 | D:3      | Reached * piety under Yredelemnul
  2055 | D:3      | Noticed a necrophage
  2057 | D:3      | Killed a necrophage
  2058 | D:3      | Reached XP level 5. HP: 43/43 MP: 8/8
  2089 | D:3      | Found a runed translucent gate.
  2089 | D:3      | Found a runed translucent gate.
  2108 | D:3      | Found a runed translucent gate.
  2113 | D:3      | Noticed wextippler1's ghost (weakling DsCj)
  2125 | D:3      | Identified the +1 ring mail of Proximity {rElec rN+ Stlth-}
  2256 | D:3      | Reached XP level 6. HP: 20/50 MP: 9/9
  2267 | D:3      | Killed wextippler1's ghost
  2772 | D:4      | Reached skill level 1 in Maces & Flails
  3099 | D:4      | Reached ** piety under Yredelemnul
  3390 | D:4      | Found a radiant altar of Vehumet.
  3392 | D:4      | Found a white marble altar of Elyvilon.
  3392 | D:4      | Found a shimmering altar of Xom.
  3394 | D:4      | Found a shimmering altar of Xom.
  3394 | D:4      | Found an ornate altar of the Wu Jian Council.
  3394 | D:4      | Found a shimmering altar of Xom.
  3664 | D:5      | Entered Level 5 of the Dungeon
  3705 | D:5      | Found a hide-covered altar of Uskayaw.
  3725 | D:5      | Gained mutation: You curl defensively after being hit. (AC
                  | +7*) [Palentonga growth]
  3725 | D:5      | Reached XP level 7. HP: 52/55 MP: 10/10
  3929 | D:5      | Reached skill level 1 in Invocations
  4137 | D:5      | Found a shadowy altar of Dithmenos.
  4240 | D:5      | Found a staircase to the Ecumenical Temple.
  4562 | Temple   | Entered the Ecumenical Temple
  4743 | D:5      | Found a glowing silver altar of Zin.
  4743 | D:5      | Noticed an angel
  4852 | D:6      | Reached XP level 8. HP: 56/64 MP: 11/11
  4936 | D:6      | Reached skill level 5 in Armour
  4936 | D:6      | Reached skill level 5 in Translocations
  4942 | D:6      | Noticed hbarley's ghost (novice HOFi)
  4966 | D:6      | Found a transporter.
  4990 | D:6      | Slain by an orc priest

Illustrated notes

Levels and vault maps discovered:
D:1:      zaba_arrival_water, layout_loops_ring, basic_ecumenical_altar,
          minmay_lizard_pond
D:2:      layout_rooms
D:3:      layout_loops_ring, lemuel_tele_altar, gammafunk_ghost_nasty_kobolds,
          eino_curves_02, kennysheep_jessica_study
D:4:      layout_basic, doesnt_xom_only_xom
D:5:      layout_basic, overflow_temple_1_default, grunt_dithmenos_shadows,
          zin_angel, minmay_temple_entry_statues_fountains
D:6:      layout_loops_ring, gammafunk_ghost_arena
Temple:   eino_wide_crystal_templ

Skill      XL: |  1  2  3  4  5  6  7  8 |
---------------+-------------------------+-----
Armour         | 1 2 3 4 5 |  5.1
Dodging        | 2 |  2.9
Fighting       | 3 |  3.8
Translocations | 4 5 |  5.1
Maces & Flails | 1 2 |  2.8
Invocations    | 2 |  2.3
Axes           | |  2.8
Throwing       | |  0.6
Spellcasting   | |  2.0

Action                   |  1- 3 |  4- 6 |  7- 9 || total
-------------------------+-------+-------+-------++-------
Melee: Hand axe          |    78 |    14 |       ||    92
       Tailslap          |    10 |    15 |    11 ||    36
       Club              |       |   123 |    88 ||   211
       Punch             |       |     1 |     3 ||     4
Throw: Stone             |       |     1 |     1 ||     2
 Cast: Blink             |     1 |     1 |       ||     2
 Abil: Rolling Charge    |    15 |    31 |    12 ||    58
 Stab: Distracted        |       |       |     1 ||     1
Armor: Ring mail         |    43 |    56 |    58 ||   157
       Leather armour    |     2 |       |       ||     2
Dodge: Dodged            |    53 |    57 |    44 ||   154
